 Dungeon Crawl Stone Soup version 0.31-a0-240-gb923e448b6 (webtiles) character file.

Game seed: 9662408757627313798

125 qw the Shooter (level 4, -6/38 HPs)
             Began as a Minotaur Hexslinger on July 12, 2023.
             Mangled by Pargi (7 damage)
             ... on level 3 of the Dungeon.
             The game lasted 00:00:51 (1625 turns).

qw the Shooter (Minotaur Hexslinger)                Turns: 1625, Time: 00:00:51

Health: -6/38      AC:  3    Str: 19    XL:     4   Next: 82%
Magic:  4/4        EV: 12    Int: 10    God:
Gold:   76         SH:  0    Dex: 14    Spells: 4/5 levels left

rFire   . . .        Y - +1 sling (freeze)
rCold   . . .        (no shield)
rNeg    . . .        h - +0 leather armour
rPois   .            (helmet restricted)
rElec   .            (no cloak)
rCorr   .            (no gloves)
SInv    .            (no boots)
Will    .....        (no amulet)
Stlth   +            a - +6 ring of strength
HPRegen 0.26/turn    (no ring)
MPRegen 0.09/turn

%: no passive effects
@: no status effects
A: horns 2, retaliatory headbutt
a: no special abilities


You were on level 3 of the Dungeon.
You visited 1 branch of the dungeon, and saw 3 of its levels.

You collected 76 gold pieces.


Innate Abilities, Weirdness & Mutations

You have a pair of horns on your head.
You reflexively headbutt those who attack you in melee.


   Skills:
 - Level 3.0 Fighting
 + Level 5.0 Ranged Weapons
 - Level 2.1 Dodging
 - Level 1.0 Spellcasting
 - Level 2.0 Hexes


You had 4 spell levels left.
You knew the following spells:

 Your Spells              Type           Power      Damage    Failure   Level
a - Slow                  Hex            16%        N/A       19%         1

Your spell library contained the following spells:

 Spells                   Type           Power      Damage    Failure   Level
 Inner Flame              Hex/Fire       2%         N/A       63%         3
 Portal Projectile        Hex/Tloc       4%         N/A       63%         3
 Cause Fear               Hex            2%         N/A       87%         4

Inventory:

Hand Weapons
 Y - a +1 sling of freezing (weapon)
Armour
 h - a +0 leather armour (worn)
 i - a +0 ring mail
Jewellery
 a - a +6 ring of strength (left hand)
Scrolls
 c - a scroll of noise {unknown}
 j - a scroll of teleportation {unknown}
Potions
 b - a potion of enlightenment {unknown}
 d - a potion of invisibility {unknown}
 e - a potion of resistance {unknown}
 f - a potion of heal wounds {unknown}
 g - a potion of degeneration {unknown}

Dungeon Overview and Level Annotations

Branches:
Dungeon (3/15)

Altars:

Annotations:
D:3 Pargi


Message History

You shoot a sling bullet. The sling bullet closely misses Pargi.
Pargi looks around nervously.
Pargi bites you but does no damage. Pargi claws you but does no damage.
Pargi closely misses you.
You shoot a sling bullet. The sling bullet hits Pargi.
The sling bullet freezes Pargi.
Pargi is moderately wounded.
Pargi barely misses you. You furiously retaliate!
You headbutt Pargi! Pargi claws you. Pargi claws you but does no damage.
You shoot a sling bullet. The sling bullet barely misses Pargi.
Pargi bites you but does no damage. Pargi claws you.
Pargi claws you but does no damage. Pargi bites you. Pargi claws you. x2
You shoot a sling bullet. The sling bullet hits Pargi.
The sling bullet freezes Pargi.
Pargi is severely wounded.
Pargi bites you but does no damage. Pargi barely misses you. Pargi claws you.
You shoot a sling bullet.
The sling bullet hits Pargi but does no damage.
Pargi is heavily wounded.
Pargi snarls, "My home!
Leave!"
Pargi closely misses you. Pargi claws you but does no damage. x2
You shoot a sling bullet. The sling bullet barely misses Pargi.
Pargi bites you. Pargi claws you but does no damage. Pargi barely misses you.
You shoot a sling bullet. The sling bullet closely misses Pargi.
Pargi bites you. Pargi claws you. x2
You shoot a sling bullet. The sling bullet barely misses Pargi.
Pargi bites you but does no damage. Pargi claws you but does no damage.
Pargi claws you.
You shoot a sling bullet. The sling bullet barely misses Pargi.
Pargi misses you. You furiously retaliate!
You headbutt Pargi. Pargi barely misses you. Pargi claws you. Pargi bites you.
Pargi misses you. Pargi completely misses you.
You shoot a sling bullet.
The sling bullet hits Pargi but does no damage.
Pargi is heavily wounded.
Pargi bites you but does no damage. Pargi claws you. Pargi closely misses you.
You shoot a sling bullet. The sling bullet closely misses Pargi.
Pargi looks very sad for a moment.
Pargi bites you!
You die...

.....+..~~~~~.~.#.# ...
.#####.~P~~~~~....# ..
.# #)..~~~~~~.####
.####.P~~~~~~~.#
....#.~~~~~~P..#
.##...P~~~~P~..# #######
.##....~~~~~...# ......#
.#...P~~~~~.~..##.......
...~.~P~~~......@.......
#...~~~~~~...#.##T......
###~~~~P~~~.##.# ......#
~~~~~.~......# ......#
~~~PP....#.### ......#
~~~........ .......
~~~..#.## ......# ....
......#


You could see Pargi.

Vanquished Creatures
  4 gnolls (D:3)
  2 adders (D:2)
  2 worms
  2 endoplasms
  4 goblins
  3 hobgoblins
  9 jackals
  5 kobolds
  3 quokkas
  2 ball pythons
  6 bats
  A frilled lizard (D:1)
  25 rats
68 creatures vanquished.

Notes
Turn   | Place    | Note
-------+----------+-------------------------------------------
     0 | D:1      | qw the Minotaur Hexslinger began the quest for the Orb.
     0 | D:1      | Reached XP level 1. HP: 16/16 MP: 1/1
     0 | D:1      | 0 ||| qw: Version: 0.3-a-52-g30416fa
     0 | D:1      | 0 ||| qw: Game counter: 6151
     0 | D:1      | 0 ||| qw: Melee chars always use a shield: true
     0 | D:1      | 0 ||| qw: God list: Okawaru
     0 | D:1      | 0 ||| qw: Allow faded altars: false
     0 | D:1      | 0 ||| qw: Do Orc after clearing Dungeon:15 true
     0 | D:1      | 0 ||| qw: Do second Lair branch before Depths: true
     0 | D:1      | 0 ||| qw: Lair rune preference: random
     0 | D:1      | 0 ||| qw: Goals: Normal
     0 | D:1      | 0 ||| PLANNING D:1-11
    63 | D:1      | Reached skill level 3 in Ranged Weapons
    63 | D:1      | Reached XP level 2. HP: 23/23 MP: 2/2
   253 | D:1      | 253 ||| READING scroll labelled WYDUCK PYLOAGG.
   595 | D:1      | 595 ||| DROPPING scroll of poison.
   758 | D:2      | Reached XP level 3. HP: 12/29 MP: 3/3
   879 | D:2      | Reached skill level 4 in Ranged Weapons
   930 | D:2      | 930 ||| FLEEEEING.
   931 | D:2      | 931 ||| FLEEEEING.
   932 | D:2      | 932 ||| FLEEEEING.
   933 | D:2      | 933 ||| FLEEEEING.
   935 | D:2      | 935 ||| FLEEEEING.
   936 | D:2      | 936 ||| FLEEEEING.
   937 | D:2      | 937 ||| FLEEEEING.
   938 | D:2      | 938 ||| FLEEEEING.
   939 | D:2      | 939 ||| FLEEEEING.
   940 | D:2      | 940 ||| FLEEEEING.
   941 | D:2      | 941 ||| FLEEEEING.
   942 | D:2      | 942 ||| FLEEEEING.
   943 | D:2      | 943 ||| STAIRDANCE
   985 | D:1      | 985 ||| READING scroll labelled MUUGUWK RUBB.
   988 | D:2      | 988 ||| STAIRDANCE
  1140 | D:2      | Reached XP level 4. HP: 22/36 MP: 4/4
  1309 | D:2      | 1309 ||| UPGRADING to +0 leather armour.
  1319 | D:2      | 1319 ||| DROPPING +0 robe.
  1320 | D:2      | 1320 ||| UPGRADING to +6 ring of strength.
  1321 | D:2      | 1321 ||| READING scroll labelled XUERUE ANUSILO.
  1322 | D:2      | 1322 ||| READING scroll labelled LIAHAJUNIY.
  1323 | D:2      | 1323 ||| READING scroll labelled UMOYNUIKHLA.
  1423 | D:3      | Reached skill level 5 in Ranged Weapons
  1606 | D:3      | Reached skill level 3 in Fighting
  1608 | D:3      | Noticed Pargi
  1621 | D:3      | HP: 8/38 [Pargi (2)]
  1623 | D:3      | HP: 3/38 [Pargi (2)]
  1624 | D:3      | HP: 1/38 [Pargi (2)]
  1625 | D:3      | Mangled by Pargi

Levels and vault maps discovered:
D:1:      minmay_arrival_plants_in_alcoves, layout_loops_ring, minmay_surrounded
D:2:      layout_rooms, serial_glass, glass_columns_a, glass_columns_c,
          minmay_rat_hole
D:3:      layout_basic, chequers_big_river, uniq_pargi, uniq_sigmund

Skill      XL: |  1  2  3  4 |
---------------+-------------+-----
Ranged Weapons | 3 4 5 |  5.0
Fighting       | 2 3 |  3.0
Dodging        | |  2.1
Spellcasting   | |  1.0
Hexes          | |  2.0

Action                     |  1- 3 |  4- 6 || total
---------------------------+-------+-------++-------
   Fire: Sling             |   149 |    62 ||   211
    Use: Scroll            |     2 |     3 ||     5
 Armour: Robe              |    11 |       ||    11
         Leather armour    |       |    13 ||    13
  Dodge: Dodged            |    61 |    22 ||    83

Table legend:
 A = Non-vault XP
 B = Vault XP
 C = Vault XP percentage of total XP
 D = Non-vault monster count
 E = Vault monster count
 F = Vault count percentage of total count
                 A         B        C        D         E       F
            +---------+---------+-------+---------+---------+-------
      Total |     156 |      23 |  12.8 |      46 |      22 |  32.4
            +---------+---------+-------+---------+---------+-------
        D:1 |      27 |       4 |  12.9 |      16 |       4 |  20.0
        D:2 |      56 |      19 |  25.3 |      18 |      18 |  50.0
        D:3 |      73 |       0 |   0.0 |      12 |       0 |   0.0
            +---------+---------+-------+---------+---------+-------
